 Dungeon Crawl Stone Soup version 0.30.0-5-g1a98f26d00 (webtiles) character file.

Game seed: 9292383352340916331

14324 croobank the Grave Robber (level 11, -8/89 HPs)
             Began as a Demigod Fire Elementalist on May 10, 2023.
             Mangled by a death yak (25 damage)
             ... on level 9 of the Dungeon.
             The game lasted 01:05:48 (15425 turns).

croobank the Grave Robber (DgFE)                   Turns: 15425, Time: 01:05:48

Health: -8/89      AC:  8    Str:  9    XL:     11   Next: 57%
Magic:  16/23      EV: 14    Int: 29    God:
Gold:   311        SH:  0    Dex: 14    Spells: 2/21 levels left

rFire   + . .        a - +4 dagger (freeze)
rCold   . . .        (no shield)
rNeg    . . .        e - +2 robe {Will+}
rPois   .            D - +0 helmet
rElec   .            V - scarf {repulsion}
rCorr   .            (no gloves)
SInv    .            T - +2 pair of boots
Will    ++...        S - amulet of magic regeneration
Stlth   +++          P - ring of protection from fire
HPRegen 0.34/turn    (no ring)
MPRegen 0.58/turn

%: repel missiles
@: on blink cooldown
A: high MP 1, forlorn, divine attributes
a: no special abilities


You were on level 9 of the Dungeon.
You visited 2 branches of the dungeon, and saw 11 of its levels.

You collected 613 gold pieces.
You spent 302 gold pieces at shops.

Inventory:

Hand Weapons
 a - a +4 dagger of freezing (weapon)
 b - a +4 morningstar
 g - a +2 dagger of holy wrath
 q - a +2 war axe of venom
 B - a +4 short sword
 C - a +0 arbalest
 G - a +4 spear of freezing
 J - a +5 scimitar
 K - a +0 scimitar of flaming
 N - a +3 vampiric spear
Armour
 c - +0 acid dragon scales
 e - a +2 robe of willpower (worn)
 r - an orb of mayhem
 t - a +0 leather armour
 A - a +2 cloak
 D - a +0 helmet (worn)
 O - a +0 kite shield
 T - a +2 pair of boots (worn)
 V - a scarf of repulsion (worn)
Magical Staves
 h - a staff of air
 w - a staff of earth
 y - a staff of death
Jewellery
 z - the Hermit's Pendant {Faith Invo=14 Evo=0 MP+5}
   (You found it on level 5 of the Dungeon)

   [amulet of faith]

   Invo=14: It sets your Invocations skill to 14.
   Evo=0: It sets your Evocations skill to 0.
   It allows you to gain divine favour quickly.
   MP:        It affects your magic capacity (+5).
 P - a ring of protection from fire (left hand)
 S - an amulet of magic regeneration (around neck)
 Z - a ring of protection from cold
Wands
 j - a wand of light (4)
 R - a wand of flame (42)
 Y - a wand of charming (4)
Scrolls
 f - a scroll of silence
 l - 3 scrolls of teleportation
 m - 2 scrolls of magic mapping
 o - 3 scrolls of poison
 x - 4 scrolls of fog
 F - a scroll of immolation
 Q - a scroll of torment {unknown}
 U - 4 scrolls of identify
 W - a scroll of vulnerability
Potions
 d - 3 potions of curing
 i - 4 potions of brilliance
 k - 3 potions of mutation
 n - a potion of ambrosia
 p - 3 potions of lignification
 s - a potion of flight
 u - 2 potions of invisibility
 v - a potion of attraction
 E - a potion of resistance
 I - 2 potions of cancellation
 L - a potion of heal wounds {unknown}
 X - a potion of magic


   Skills:
 - Level 6.0 Fighting
 - Level 6.2 Dodging
 - Level 6.6 Stealth
 - Level 5.6 Spellcasting
 - Level 6.0 Conjurations
 - Level 7.0 Hexes
 + Level 7.1 Necromancy
 - Level 6.6 Fire Magic


You had 2 spell levels left.
You knew the following spells:

 Your Spells              Type           Power      Damage    Failure   Level
a - Foxfire               Conj/Fire      100%       2x1d9     1%          1
b - Scorch                Fire           92%        2d8       1%          2
c - Blink                 Tloc           16%        N/A       9%          2
d - Inner Flame           Hex/Fire       47%        N/A       1%          3
e - Tukima's Dance        Hex            48%        N/A       1%          3
f - Flame Wave            Conj/Fire      44%        2d11      4%          4
g - Dispel Undead         Necr           49%        3d18      3%          4

Your spell library contained the following spells:

 Spells                   Type           Power      Damage    Failure   Level
 Ensorcelled Hibernation  Hex/Ice        56%        N/A       1%          2
 Momentum Strike          Conj/Tloc      50%        3d9       2%          2
 Cigotuvi's Dreadful Rot  Necr/Pois/Air  44%        N/A       3%          2
 Lesser Beckoning         Tloc           16%        N/A       9%          2
 Passwall                 Tmut/Erth      6%         N/A       9%          2
 Portal Projectile        Hex/Tloc       56%        N/A       4%          3
 Volatile Blastmotes      Fire/Tloc      54%        2d14      4%          3
 Swiftness                Air            8%         N/A       17%         3
 Death Channel            Necr           24%        N/A       43%         6
 Blade Hands              Tmut           4%         N/A       85%         5


Dungeon Overview and Level Annotations

Branches:
Dungeon (10/15)            Temple (0/1) D:5            Lair (1/5) D:10
    Orc: D:9-12

Shops:
D:7 (*([   D:8 (

Annotations:
D:7 1 runed translucent door, Crazy Yiuf


Innate Abilities, Weirdness & Mutations

You have an increased reservoir of magic. (+10% MP)
You shall have no god before yourself.
Your divine heritage dramatically boosts your attributes as you level up.


Message History

You open the door.
There is an open door here.
There is a stone staircase leading down, spattered with blood here.
You climb downwards.
There is a stone staircase leading up, spattered with blood here.
There is a stone staircase leading up, spattered with blood here.
Casting: Scorch (safe; 1% risk of failure)
Confirm with . or Enter, or press ? or * to list all spells.
Aiming: Inner Flame (safe; 1% risk of failure)
Press: ? - help, Dir - move target, f - death yak
Aim: a death yak (chance to affect: 34%)
The death yak is filled with an inner flame.
The death yak gores you!!
You climb upwards.
There is a stone staircase leading down, spattered with blood here.
Casting: Inner Flame (safe; 1% risk of failure)
Confirm with . or Enter, or press ? or * to list all spells.
Flames lash the death yak.
Flame seeps out of the death yak.
The death yak is lightly wounded.
The death yak's fire resistance burns away.
The death yak is engulfed in blazing flames.
Flame seeps out of the death yak.
The death yak gores you!
Casting: Scorch (safe; 1% risk of failure)
Confirm with . or Enter, or press ? or * to list all spells.
Flames lash the death yak.
The death yak is burned terribly!
Flame seeps out of the death yak.
The death yak is heavily wounded.
The death yak gores you!!
Casting: Scorch (safe; 1% risk of failure)
Confirm with . or Enter, or press ? or * to list all spells.
Flames lash the death yak.
The death yak is burned terribly!
Flame seeps out of the death yak.
The death yak is severely wounded.
The death yak is engulfed in blazing flames.
Flame seeps out of the death yak.
The death yak gores you!!
* * * LOW HITPOINT WARNING * * *
Casting: Scorch (safe; 1% risk of failure)
Confirm with . or Enter, or press ? or * to list all spells.
You blink.
The death yak gores you!!
You die...

#...................#
#.######.######.....# #.#
#.# #.....# ..# #.#
#...).# ..# #.# ##....#
..# #.# #....##### ..# #.#
#........#
..######.#######........#
................@.......#
#####...........Y.......#
#...+.....####.ยง......###
#...#.....# #......<.#
#...#.....# #........#
#...#..>..# ##########
##'##.....# ..........#
####......#


You could see a death yak (inner flame, combustible).

Vanquished Creatures
  Gastronok (D:10)
  Erica (D:8)
  4 death yaks
  A necromancer (D:10)
  A black mamba (Lair:1)
  A gargoyle (D:10)
  A komodo dragon (D:10)
  A troll (D:9)
  Grinder (D:5)
  Sigmund (D:2)
  2 shadows
  A wyvern (D:10)
  A wraith (D:5)
  Eustachio (D:5)
  18 yaks
  A steam dragon (D:8)
  Menkaure (D:7)
  Edmund (D:5)
  2 acid dragons
  A water moccasin (Lair:1)
  Duvessa (D:7)
  4 orc warriors
  3 ogres
  4 centaurs
  A phantom (D:7)
  4 bullfrogs
  A kobold brigand (D:8)
  3 gnoll sergeants
  2 scorpions
  10 wights
  Dowan (D:7)
  6 killer bees
  10 howler monkeys
  2 electric eels
  2 jellies
  8 orc priests
  6 hounds
  5 iguanas
  9 orc wizards
  2 polar bear simulacra (D:10)
  3 yak simulacra (D:10)
  2 wolf simulacra (D:10)
  28 gnolls
  9 adders
  2 shadow imps
  3 white imps
  2 ufetubi
  2 dart slugs
  49 orcs
  9 ball pythons
  4 bats
  3 endoplasms (D:3)
  5 giant cockroaches
  8 goblins
  17 hobgoblins
  2 jackals (D:4)
  24 kobolds
  3 quokkas
  5 frilled lizards
  7 rats
  4 river rat simulacra (D:10)
317 creatures vanquished.

Vanquished Creatures (others)
  677 foxfires
677 creatures vanquished.

Grand Total: 994 creatures vanquished

Notes
Turn   | Place    | Note
-------+----------+-------------------------------------------
     0 | D:1      | croobank the Demigod Fire Elementalist began the quest for
                  | the Orb.
     0 | D:1      | Reached XP level 1. HP: 14/14 MP: 5/5
    36 | D:1      | Reached skill level 1 in Conjurations
   429 | D:1      | Reached XP level 2. HP: 20/20 MP: 5/7
   432 | D:1      | Learned a level 2 spell: Scorch
  1265 | D:2      | Noticed Sigmund
  1331 | D:2      | Killed Sigmund
  1332 | D:2      | Reached XP level 3. HP: 14/29 MP: 1/9
  1332 | D:2      | Reached XP level 4. HP: 17/36 MP: 1/10
  1332 | D:2      | Reached XP level 5. HP: 20/41 MP: 1/11
  3521 | D:3      | Reached XP level 6. HP: 36/50 MP: 8/13
  4384 | D:4      | Reached XP level 7. HP: 57/57 MP: 5/14
  4639 | D:5      | Entered Level 5 of the Dungeon
  4756 | D:5      | Noticed Grinder
  4763 | D:5      | Killed Grinder
  4921 | D:5      | Noticed Eustachio
  4935 | D:5      | Killed Eustachio
  5107 | D:5      | Noticed a wraith
  5117 | D:5      | Found the Hermit's Pendant {Faith Invo=14 Evo=0 MP+5}
  5121 | D:5      | Killed a wraith
  5122 | D:5      | Reached XP level 8. HP: 66/66 MP: 1/16
  5382 | D:5      | Noticed Edmund
  5388 | D:5      | Killed Edmund
  5637 | D:5      | Found a staircase to the Ecumenical Temple.
  6022 | D:6      | Reached skill level 5 in Fire Magic
  7084 | D:6      | Reached skill level 5 in Stealth
  7340 | D:7      | Found Wuclumis's Weapon Boutique.
  7440 | D:7      | Reached XP level 9. HP: 72/72 MP: 17/19
  7650 | D:7      | Reached skill level 5 in Dodging
  7837 | D:7      | Found Beddij's Assorted Antiques.
  7849 | D:7      | Bought a coppery potion for 30 gold pieces
  7849 | D:7      | Bought a scroll of identify for 68 gold pieces
  7849 | D:7      | Bought a scroll of identify for 68 gold pieces
  7849 | D:7      | Bought a potion of brilliance for 136 gold pieces
  8064 | D:7      | Reached skill level 5 in Fighting
  8166 | D:7      | Found Micelatz's Antique Armour Shoppe.
  8196 | D:7      | Found Izesifag's Weapon Shoppe.
  8362 | D:7      | Found a runed translucent door.
  8363 | D:7      | Noticed Crazy Yiuf
  8411 | D:7      | Noticed Menkaure
  8420 | D:7      | Noticed Duvessa
  8420 | D:7      | Noticed Dowan
  8422 | D:7      | Killed Menkaure
  8430 | D:7      | Killed Duvessa
  8431 | D:7      | Reached skill level 5 in Conjurations
  8432 | D:7      | Killed Dowan
  9132 | D:8      | Reached skill level 5 in Spellcasting
  9554 | D:8      | Noticed Erica
  9942 | D:8      | Learned a level 2 spell: Blink
  9958 | D:8      | Learned a level 3 spell: Inner Flame
 10550 | D:8      | Killed Erica
 10551 | D:8      | Reached XP level 10. HP: 72/83 MP: 3/21
 10904 | D:8      | Learned a level 3 spell: Tukima's Dance
 11124 | D:8      | Found Botitoeq's Weapon Shop.
 11201 | D:9      | Reached skill level 1 in Hexes
 11837 | D:9      | Reached skill level 5 in Hexes
 12377 | D:10     | Entered Level 10 of the Dungeon
 12398 | D:10     | Noticed Gastronok
 12410 | D:10     | Killed Gastronok
 12763 | D:10     | Noticed a death yak
 12796 | D:10     | Killed a death yak
 12981 | D:10     | Noticed a necromancer
 12986 | D:10     | Killed a necromancer
 12987 | D:10     | Reached XP level 11. HP: 74/89 MP: 20/23
 13236 | D:10     | Noticed a death yak
 13237 | D:10     | Noticed a death yak
 13240 | D:10     | Noticed a death yak
 13253 | D:9      | Learned a level 4 spell: Flame Wave
 13258 | D:9      | Learned a level 4 spell: Dispel Undead
 13297 | D:10     | Found a staircase to the Lair.
 13311 | Lair:1   | Entered Level 1 of the Lair of Beasts
 13323 | D:10     | Reached skill level 1 in Necromancy
 14707 | D:10     | Reached skill level 5 in Necromancy
 14966 | D:10     | Noticed a death yak
 14976 | D:10     | Killed a death yak
 15031 | D:9      | Killed a death yak
 15235 | D:9      | Killed a death yak
 15425 | D:9      | Mangled by a death yak

Illustrated notes

Levels and vault maps discovered:
D:1:      dpeg_arrival_water_temple_mockup, layout_basic, minmay_tiny_reverse_x
D:2:      layout_loops_ring, hellmonk_ecumenical_altar_lost_god, uniq_sigmund
D:3:      minmay_recursive_quarters, layout_rooms, fedhas_altar_1,
          nicolae_overflow_ecumenical_swirl, serial_bayou_crossing
D:4:      layout_rooms, nicolae_sif_muna_condensation,
          mainiacjoe_overflow_surrounded_room
D:5:      layout_cave_pools, minmay_temple_entry_enclosed_plants,
          hellmonk_guarded_unrand_hermit, uniq_eustachio, uniq_edmund,
          uniq_grinder
D:6:      layout_basic, minivault_14
D:7:      layout_loops_ring, vehumet_altar_wand_db, serial_shops, shop,
          kennysheep_mini_moat, shop, nicolae_take_the_stairs, uniq_menkaure,
          uniq_duvessa, uniq_crazy_yiuf_cottage
D:8:      corexii_shantytown, layout_basic, lightli_temple_of_fire,
          serial_shops, shop, uniq_erica
D:9:      wad_river_or_something, layout_irregular_city, okawaru_trees_2,
          lemuel_round_altar, general_overflow_altar
D:10:     layout_irregular_city, marbit_many_paths, dpeg_lair_monsters,
          eino_house_with_fridge, uniq_gastronok
Lair:1:   layout_loops_ring, grunt_forest_stairs_basic

Skill      XL: |  1  2  3  4  5  6  7  8  9 10 11 |
---------------+----------------------------------+-----
Conjurations   | 1 2 3 4 5 6 |  6.0
Dodging        | 2 3 4 5 6 |  6.2
Stealth        | 2 3 4 5 6 |  6.6
Spellcasting   | 2 3 4 5 |  5.6
Fighting       | 2 3 4 5 6 |  6.0
Fire Magic     | 3 4 5 6 |  6.6
Hexes          | 7 |  7.0
Necromancy     | 7 |  7.1

Action                     |  1- 3 |  4- 6 |  7- 9 | 10-12 || total
---------------------------+-------+-------+-------+-------++-------
  Melee: Dagger            |    14 |     6 |    37 |    30 ||    87
         Whip              |       |    13 |       |       ||    13
         Punch             |       |       |     2 |       ||     2
   Fire: Sling             |     3 |    24 |       |       ||    27
  Throw: Throwing net      |       |       |     2 |     3 ||     5
   Cast: Foxfire           |    21 |    86 |   188 |   120 ||   415
         Scorch            |    10 |    38 |   172 |   163 ||   383
         Inner Flame       |       |       |     5 |    10 ||    15
         Blink             |       |       |       |     2 ||     2
  Evoke: Wand              |       |       |     2 |       ||     2
    Use: Scroll            |     1 |    12 |    16 |     2 ||    31
         Potion            |     1 |       |     4 |     1 ||     6
   Stab: Sleeping          |     2 |     1 |     5 |     4 ||    12
 Armour: Robe              |     2 |    11 |    27 |    47 ||    87
  Dodge: Dodged            |    11 |    44 |    73 |   116 ||   244
         Repelled          |       |       |       |     1 ||     1
